 Dungeon Crawl Stone Soup version 0.29-a0-43-g62a80824bf (webtiles) character file.

Game seed: 15376541763741671760

94 Hubjo the Cutter (level 4, -7/34 HPs)
             Began as a Vampire Warper on Feb 2, 2022.
             Mangled by an ogre (30 damage)
             ... on level 6 of the Dungeon.
             The game lasted 00:06:43 (1719 turns).

Hubjo the Cutter (Vampire Warper)                   Turns: 1719, Time: 00:06:43

Health: -7/34      AC:  3    Str: 10    XL:     4   Next: 38%
Magic:  7/7        EV: 12    Int: 17    God:
Gold:   61         SH:  0    Dex: 13    Spells: 5/7 levels left

rFire   . . .      SeeInvis +   a - +0 short sword
rCold   . . .      Faith    .   (no shield)
rNeg    . . .      Spirit   .   b - +0 leather armour
rPois   .          Reflect  .   (no helmet)
rElec   .          Harm     .   (no cloak)
rCorr   .          Rampage  .   (no gloves)
Will    .....                   (no boots)
Stlth   +.........              (no amulet)
HPRegen 0.31/turn               (no ring)
MPRegen 0.10/turn               (no ring)

@: lethally poisoned (-7 -> -8), healing quickly
A: alive, fangs 3, see invisible, vampiric 2
a: Exsanguinate


You were on level 6 of the Dungeon.
You visited 1 branch of the dungeon, and saw 4 of its levels.

You collected 61 gold pieces.

Inventory:

Hand Weapons
 a - a +0 short sword (weapon)
Missiles
 d - 5 boomerangs of dispersal (quivered)
 j - 4 poisoned darts
Armour
 b - a +0 leather armour (worn)
Magical Staves
 i - a staff of cold
Scrolls
 c - 2 scrolls of blinking
 f - a scroll of enchant weapon
 g - a scroll of vulnerability {unknown}
 h - a scroll of fear
 k - a scroll of immolation {unknown}
 l - a scroll of brand weapon {unknown}
 m - a scroll of holy word {unknown}
Potions
 e - a potion of attraction {unknown}
 n - a potion of haste {unknown}
 o - 2 potions of heal wounds {unknown}


   Skills:
 + Level 2.4 Fighting
 + Level 3.3 Short Blades
 + Level 0.7 Throwing
 + Level 1.3 Armour
 + Level 3.1 Dodging
 + Level 0.3 Stealth
 + Level 2.0 Spellcasting
 + Level 2.7 Translocations


You had 5 spell levels left.
You knew the following spells:

 Your Spells              Type           Power      Damage    Failure   Level
a - Blink                 Tloc           22%        N/A       12%         2

Your spell library contained the following spells:

 Spells                   Type           Power      Damage    Failure   Level
 Gell's Gravitas          Tloc           11%        N/A       24%         3
 Lesser Beckoning         Tloc           11%        N/A       24%         3
 Teleport Other           Tloc           11%        N/A       24%         3
 Animate Skeleton         Necr           2%         N/A       26%         1
 Pain                     Necr           4%         1d4       26%         1
 Ensorcelled Hibernation  Hex/Ice        2%         N/A       36%         2
 Passwall                 Tmut/Erth      0%         N/A       36%         2
 Swiftness                Air            1%         N/A       58%         3
 Vampiric Draining        Necr           1%         2d6       58%         3
 Manifold Assault         Tloc           11%        N/A       92%         5
 Simulacrum               Ice/Necr       0%         N/A       100%        6
 Chain Lightning          Conj/Air       0%         2d1       100%        9


Dungeon Overview and Level Annotations

Branches:
Dungeon (3/15)

Altars:
Ashenzari
Sif Muna


Innate Abilities, Weirdness & Mutations

Your natural rate of healing is accelerated.
You have razor-sharp teeth.
You have supernaturally acute eyesight. (SInv)
You are afflicted with vampirism and can become a bat while bloodless.


Message History

You barely miss the giant cockroach. The giant cockroach misses you.
You hit the giant cockroach.
The giant cockroach is severely wounded.
The giant cockroach misses you.
You hit the giant cockroach.
The giant cockroach is almost dead.
The giant cockroach bites you but does no damage.
You hit the giant cockroach.
You kill the giant cockroach!
Found a book of Necromancy.
You pick up a book of Necromancy and begin reading...
You add the spells Pain, Animate Skeleton and Vampiric Draining to your library.
There is a shaft here.
You fall into a shaft and drop 3 floors!
The shaft crumbles and collapses.
Found 8 gold pieces, two ring mails and 13 stones.
An adder comes into view.
Found an escape hatch in the ceiling.
The adder hisses angrily.
Found 13 sling bullets.
Found a stone staircase leading down.
An orc comes into view. It is wielding a +0 whip.
The orc shouts!
You hear a shout! x2
You see here 8 gold pieces.
The orc throws a boomerang.
The boomerang hits you. The adder barely misses you.
The adder closely misses you.
The orc throws a boomerang.
The boomerang hits you.
Found 10 gold pieces.
An ogre comes into view. It is wielding a +0 giant spiked club.
Found 13 gold pieces.
Found a scroll of identify.
The ogre shouts!
The adder bites you.
You are poisoned.
The adder poisons you!
You feel sick.
You feel sick.
You feel sick. The adder bites you.
The ogre hits you with a +0 giant spiked club!!
Ouch! That really hurt!
You die...

#......o...... ...
#...........#. ♣...
#...........# ♣...♣
#.........>.#
.....♣♣♣♣♣#...........#
......................#
......................#
.......O...............
.......@S.............
....$................
..................$.
...................
#######.#?########
#.#.# #...# ##..#


You could see an ogre and an adder.

Vanquished Creatures
  An orc wizard (D:3)
  2 adders (D:3)
  A dart slug (D:3)
  3 worms
  4 orcs (D:3)
  4 bats
  2 endoplasms (D:3)
  2 giant cockroaches (D:3)
  4 goblins
  4 hobgoblins
  A kobold (D:1)
  A quokka (D:1)
  2 ball pythons
  4 frilled lizards
  3 rats
38 creatures vanquished.

Notes
Turn   | Place    | Note
-------+----------+-------------------------------------------
     0 | D:1      | Hubjo the Vampire Warper began the quest for the Orb.
     0 | D:1      | Reached XP level 1. HP: 16/16 MP: 3/3
   322 | D:1      | Reached XP level 2. HP: 22/22 MP: 5/5
   325 | D:1      | Learned a level 2 spell: Blink
   875 | D:2      | Got the Grimoire of Congealing Air
   949 | D:3      | Gained mutation: You are afflicted with vampirism and can
                  | become a bat while bloodless. [Vampire growth]
   949 | D:3      | Reached XP level 3. HP: 27/27 MP: 6/6
   961 | D:3      | Found a broken altar of Ashenzari.
  1049 | D:3      | Reached skill level 1 in Armour
  1144 | D:3      | Reached XP level 4. HP: 6/34 MP: 7/7
  1592 | D:3      | Found a shimmering blue altar of Sif Muna.
  1705 | D:3      | You fall into a shaft and drop 3 floors!
  1715 | D:6      | Noticed an ogre
  1719 | D:6      | Mangled by an ogre

Illustrated notes

Levels and vault maps discovered:
D:1:      scummos_arrival_simple_fountains, layout_loops_corners,
          dreamdust_ecumenical_altar_angels_and_demons
D:2:      layout_loops_ring, minmay_tiny_reverse_x
D:3:      layout_basic, evilmike_ruin_ashenzari, elyvilon_altar_3,
          mainiacjoe_overflow_large_starburst, amcnicky_mini_pool_small,
          minmay_pentangle, uniq_natasha
D:6:      layout_basic, fedhas_altar_fruit_tree, serial_shops,
          nicolae_inconvenience_store, uniq_grinder

Skill      XL: |  1  2  3  4 |
---------------+-------------+-----
Fighting       | 2 |  2.4
Armour         | 1 |  1.3
Short Blades   | 3 |  3.3
Dodging        | 3 |  3.1
Throwing       | |  0.7
Stealth        | |  0.3
Spellcasting   | |  2.0
Translocations | |  2.7

Action                   |  1- 3 |  4- 6 || total
-------------------------+-------+-------++-------
Melee: Short sword       |   141 |    57 ||   198
       Bite              |    12 |     3 ||    15
       Punch             |       |     1 ||     1
  Use: Scroll            |     3 |       ||     3
       Potion            |     1 |       ||     1
 Stab: Sleeping          |     1 |       ||     1
Armor: Leather armour    |    33 |     6 ||    39
Dodge: Dodged            |    86 |    38 ||   124

Table legend: (Time is in decaauts)
 A = Elapsed time spent in this place.
 B = Non-inter-level travel time spent in this place.
 C = Inter-level travel time spent in this place.
 D = Time resting spent in this place.
 E = Time spent auto-exploring this place.
 F = Levels seen in this place.
 G = Mean time per level.
                   A        B        C        D        E       F      G
               +--------+--------+--------+--------+--------+-----+--------+
         Total |   1711 |   1546 |    165 |      0 |   1136 |   4 |  427.8 |
       Dungeon |   1711 |   1546 |    165 |      0 |   1136 |   4 |  427.8 |
               +--------+--------+--------+--------+--------+-----+--------+

Top non-repeatable levels by time:
     D:3: 805 daAuts
     D:1: 654 daAuts
     D:2: 237 daAuts
     D:6: 13 daAuts
